 Dungeon Crawl Stone Soup version 0.28-a0-479-g5baa6b73be (webtiles) character file.

Game seed: 14950050424635382272

6288 Conn the Arsonist (level 10, 0/91 HPs)
             Began as an Octopode Fire Elementalist on Sept 19, 2021.
             Was a Believer of Sif Muna.
             Slain by a red ugly thing (6 damage)
             ... on level 10 of the Dungeon.
             The game lasted 00:42:42 (12765 turns).

Conn the Arsonist (Octopode Fire Elementalist)     Turns: 12765, Time: 00:42:42

Health: 0/91       AC: 25    Str:  8    XL:     10   Next: 94%
Magic:  7/19       EV:  2    Int: 24    God:    Sif Muna [**....]
Gold:   477        SH:  0    Dex: 13    Spells: 7/22 levels left

rFire   + . .      SeeInvis .   s - +9 mace "Fappiro" {vorpal, Will+ Int+4}
rCold   + . .      Faith    .   (no shield)
rNeg    + + +      Spirit   .   (helmet currently unavailable)
rPois   +          Reflect  .   (no amulet)
rElec   +          Harm     .   v - ring of flight
rCorr   +          Rampage  .   (no ring)
Will    +....      NoTele   +   (no ring)
Stlth   +++.......              (no ring)
HPRegen 0.25/turn               (no ring)
MPRegen 0.16/turn               (no ring)
                                (no ring)
                                (no ring)

@: mighty, tree-form, resistant, very slightly contaminated, invisible
A: stationary, stasis, torment immunity, boosted hp, almost no armour,
(amphibious), 8 rings, (camouflage 1), (gelatinous body 1), (nimble swimmer 1),
(tentacles)
a: Renounce Religion, Channel Magic


You were on level 10 of the Dungeon.
You worshipped Sif Muna.
Sif Muna was pleased with you.
You were a tree.
You visited 2 branches of the dungeon, and saw 11 of its levels.
You also visited: Sewer.

You collected 477 gold pieces.

Inventory:

Hand Weapons
 d - a +0 dagger
 i - a +2 spear of venom
 s - the +9 mace "Fappiro" (weapon) {vorpal, Will+ Int+4}
   (You found it on level 8 of the Dungeon)

   It inflicts extra damage upon your enemies.
   Int:       It affects your intelligence (+4).
   Will:      It increases your willpower.
 A - the +6 war axe "Uzanarul" {venom, rC+}
   (You found it on level 7 of the Dungeon)

   It poisons the flesh of those it strikes.
   rC:        It protects you from cold.
Jewellery
 v - a ring of flight (left branch)
Wands
 r - a wand of flame (16)
 t - a wand of charming (4)
 y - a wand of acid (11)
 z - a wand of paralysis (18)
 B - a wand of mindburst (28)
 D - a wand of iceblast (9)
Scrolls
 c - a scroll of immolation
 e - 6 scrolls of teleportation {unknown}
 g - a scroll of acquirement {unknown}
 h - a scroll of enchant armour
 j - a scroll of fog {unknown}
 l - 2 scrolls of brand weapon {unknown}
 o - a scroll of summoning {unknown}
 q - 2 scrolls of enchant weapon {unknown}
 w - a scroll of holy word {unknown}
 C - a scroll of noise {unknown}
 E - a scroll of identify
 F - a scroll of magic mapping {unknown}
Potions
 a - 3 potions of mutation
 b - a potion of curing
 m - a potion of invisibility
 n - 2 potions of cancellation
 p - a potion of resistance
 u - a potion of degeneration {unknown}
 x - 2 potions of might


   Skills:
 + Level 2.3 Fighting
 + Level 0.2 Short Blades
 + Level 0.5(2.2) Axes
 + Level 2.2(2.3) Maces & Flails
 + Level 2.4(2.5) Polearms
 + Level 3.1 Dodging
 + Level 5.1 Stealth
 + Level 6.5 Spellcasting
 * Level 7.2 Conjurations
 - Level 4.6 Hexes
 - Level 4.0 Translocations
 * Level 8.2 Fire Magic
 - Level 5.2 Invocations
 + Level 0.8 Evocations


You had 7 spell levels left.
You knew the following spells:

 Your Spells              Type           Power      Damage    Failure   Level
a - Foxfire               Conj/Fire      100%       2x1d9     1%          1
b - Conjure Flame         Conj/Fire      45%        6-21      1%          3
c - Inner Flame           Hex/Fire       38%        N/A       1%          3
d - Flame Wave            Conj/Fire      45%        3d9       3%          4
e - Slow                  Hex            30%        N/A       1%          2
f - Blink                 Tloc           N/A        N/A       2%          2

Your spell library contained the following spells:

 Spells                   Type           Power      Damage    Failure   Level
 Scorch                   Fire           94%        2d10      1%          2
 Confusing Touch          Hex            30%        N/A       3%          3
 Sting                    Tmut/Pois      28%        1d4       8%          1
 Poisonous Vapours        Pois/Air       14%        N/A       12%         2
 Vampiric Draining        Necr           3%         2d6       22%         3
 Manifold Assault         Tloc           27%        N/A       36%         5
 Olgreb's Toxic Radiance  Pois           7%         N/A       58%         4
 Storm Form               Tmut/Air       3%         N/A       100%        7


Dungeon Overview and Level Annotations

Branches:
Dungeon (10/15)            Temple (1/1) D:5           Sewer (visited)
   Lair: D:8-11         Orc: D:9-12

Altars:
Cheibriados
Dithmenos
Elyvilon
Fedhas
Gozag
Hepliaklqana
Kikubaaqudgha
Makhleb
Nemelex Xobeh
Okawaru
Qazlal
Sif Muna
Trog
Vehumet
Xom
Yredelemnul
Zin
The Shining One

Shops:
D:2 (   D:5 *


Innate Abilities, Weirdness & Mutations

You are a tree.
Your roots penetrate the ground, keeping you stationary.
You cannot be teleported.
You are immune to unholy pain and torment.
Your maximum health is greatly increased.
You cannot wear most types of armour.
((You are amphibious.))
You can wear up to eight rings at the same time.
((Your skin changes colour to match your surroundings (Stealth+).))
((Your rubbery body absorbs attacks. (AC +1, EV +1)))
((You are camouflaged near water. (Stealth+)))
((You have tentacles for arms and can constrict up to eight enemies at once.))


Message History

Okay, then.
Really quaff the potion of lignification?
You turn into a tree.
Your roots penetrate the ground.
The kobold hits you but does no damage. The orc hits you but does no damage.
Unknown command.
It was a potion of curing.
You feel better. The kobold hits you but does no damage.
The orc hits you but does no damage.
The orc warrior hits you from afar with a +0 halberd!
* * * LOW HITPOINT WARNING * * *
It was a potion of resistance.
You feel protected. The kobold hits you but does no damage.
The orc hits you but does no damage.
It was a potion of invisibility.
You fade into invisibility!
The kobold throws a stone.
The stone hits the kobold but does no damage.
The kobold hits you but does no damage. The orc hits you but does no damage.
You are very lightly contaminated with residual magic.
It was a potion of might.
You feel very mighty all of a sudden.
The kobold throws a stone.
The stone hits the kobold.
Flame seeps out of the kobold.
The kobold is engulfed in blazing flames.
Sif Muna accepts your kill.
The kobold explodes!
The fiery explosion engulfs you!! You resist.
* * * LOW HITPOINT WARNING * * *
The fiery explosion engulfs the kobold!!
Sif Muna accepts your kill.
The kobold explodes!
You hear a shout! x4
You feel better. You resist.
Okay, then.
Unknown command.
You feel better. You resist.
* * * LOW HITPOINT WARNING * * *
The red ugly thing tentacle-slaps you.
* * * LOW HITPOINT WARNING * * *
You are engulfed in flames.
You resist.
You die...

.......ooo.oo..K.......
########.###########... .P. #o#
#..# ... #.# #..# ##.# #o# #..#
..# #.# #..# #.# #.####### #K.#
######.###########§§............#
...§........h.ou♣°§§K............
.............oo############......
..##########...# #...... ..#
#...# #...... ..# #...#####
#...... ..##########........
....... ....................
....................
######..############


You could see a red ugly thing (inner flame), an orc warrior (inner flame), a
black bear (inner flame), 2 orcs and a kobold.

Vanquished Creatures
  A two-headed ogre (D:9)
  Pikel (D:7)
  A kobold demonologist (D:9)
  An unseen horror (D:9)
  2 trolls (D:10)
  A wyvern (D:9)
  A steam dragon (D:8)
  Menkaure (D:4)
  3 water moccasins
  An ice beast (D:6)
  5 black bears
  An orc warrior (D:9)
  3 ogres
  A necrophage (D:5)
  2 sky beasts
  A phantom (D:6)
  3 centaurs
  A lemure (D:7)
  2 kobold brigands (D:9)
  Blork the orc (D:5)
  4 bullfrogs
  2 gnoll sergeants
  2 scorpions
  A water moccasin skeleton (D:6)
  6 wights
  A troll skeleton (D:9)
  6 howler monkeys
  5 spriggan skeletons (D:9)
  A bullfrog zombie (D:6)
  4 centaur zombies
  A hound (D:4)
  A centaur skeleton (D:3)
  3 bullfrog skeletons
  A gnoll shaman (D:7)
  An orc wizard (D:9)
  4 iguanas
  A hound skeleton (D:4)
  2 howler monkey zombies
  7 adders
  22 gnolls
  A shadow imp (D:5)
  4 worms
  6 dart slugs
  22 orcs
  10 ball pythons
  7 endoplasms
  4 giant cockroaches
  2 goblins (D:2)
  3 hobgoblins
  22 jackals
  17 kobolds
  2 quokkas
  A bat (D:1)
  7 frilled lizards
  7 rats
223 creatures vanquished.

Vanquished Creatures (collateral kills)
  3 foxfires (Sewer)
3 creatures vanquished.

Vanquished Creatures (others)
  832 foxfires
  56 fungi (D:10)
  55 plants
943 creatures vanquished.

Grand Total: 1169 creatures vanquished

Notes
Turn   | Place    | Note
-------+----------+-------------------------------------------
     0 | D:1      | Conn the Octopode Fire Elementalist began the quest for the
                  | Orb.
     0 | D:1      | Reached XP level 1. HP: 11/11 MP: 3/3
   289 | D:1      | Reached XP level 2. HP: 17/17 MP: 0/5
   563 | D:1      | Reached XP level 3. HP: 19/21 MP: 1/6
  1082 | D:1      | Found a faded altar of an unknown god.
  1341 | D:2      | Learned a level 3 spell: Conjure Flame
  1344 | D:2      | Learned a level 2 spell: Blink
  1412 | D:2      | Found Inetraawn's Weapon Boutique.
  1698 | D:2      | Reached XP level 4. HP: 26/27 MP: 7/7
  2431 | D:3      | Reached XP level 5. HP: 29/31 MP: 2/8
  2812 | D:4      | Noticed Menkaure
  2812 | D:4      | Noticed an ogre
  2832 | D:3      | Learned a level 3 spell: Inner Flame
  2859 | D:4      | Reached skill level 1 in Polearms
  2885 | D:4      | Reached skill level 4 in Fire Magic
  2909 | D:4      | Reached skill level 1 in Translocations
  2936 | D:4      | Killed an ogre
  2937 | D:4      | Reached XP level 6. HP: 16/36 MP: 4/10
  3152 | D:4      | Killed Menkaure
  3153 | D:4      | Reached skill level 1 in Hexes
  3172 | D:4      | Found a glowing drain.
  3178 | Sewer    | Entered a sewer
  3856 | D:4      | Reached XP level 7. HP: 39/42 MP: 5/11
  4553 | D:5      | Entered Level 5 of the Dungeon
  4553 | D:5      | Noticed Blork the orc
  4559 | D:5      | Killed Blork the orc
  4712 | D:5      | Found a staircase to the Ecumenical Temple.
  4722 | Temple   | Entered the Ecumenical Temple
  4795 | Temple   | Became a worshipper of Sif Muna the Loreminder
  5051 | D:5      | Reached XP level 8. HP: 47/47 MP: 7/13
  5069 | D:5      | Reached skill level 5 in Fire Magic
  5069 | D:5      | Reached skill level 1 in Invocations
  5291 | D:5      | Found Zin's Purification Station.
  5291 | D:5      | Found a glowing silver altar of Zin.
  5313 | D:5      | Found a stormy altar of Qazlal.
  6516 | D:6      | Found a burning altar of Makhleb.
  6623 | D:6      | Reached XP level 9. HP: 52/52 MP: 7/15
  7238 | D:7      | Noticed Pikel
  7239 | D:7      | Identified the +6 war axe "Uzanarul" {venom, rC+}
  7408 | D:7      | Reached skill level 5 in Conjurations
  7434 | D:7      | Reached skill level 1 in Fighting
  7635 | D:7      | Killed Pikel
  7636 | D:7      | Reached skill level 6 in Fire Magic
  7678 | D:7      | Reached * piety under Sif Muna
  8005 | D:7      | Identified the +1 ring mail of Gallantry {Str+3}
  8137 | D:7      | Found a sparkling altar of Nemelex Xobeh.
  8308 | D:7      | Found a radiant altar of Vehumet.
  8572 | D:7      | Reached skill level 5 in Spellcasting
  9140 | D:8      | Found a white marble altar of Elyvilon.
  9431 | D:8      | Reached XP level 10. HP: 59/59 MP: 13/18
  9481 | D:8      | Reached skill level 5 in Stealth
  9665 | D:8      | Found a glowing golden altar of the Shining One.
  9729 | D:8      | Identified the +9 mace "Fappiro" {vorpal, Will+ Int+4}
 10054 | D:8      | Reached skill level 7 in Fire Magic
 10163 | D:8      | Found a blossoming altar of Fedhas.
 11045 | D:9      | Noticed a kobold demonologist
 11055 | D:9      | Killed a kobold demonologist
 11056 | D:9      | Reached skill level 5 in Invocations
 11057 | D:9      | Reached ** piety under Sif Muna
 11244 | D:9      | Reached skill level 1 in Maces & Flails
 11348 | D:9      | Noticed a two-headed ogre
 12190 | D:9      | Learned a level 4 spell: Flame Wave
 12213 | D:9      | Killed an unseen horror
 12457 | D:10     | Entered Level 10 of the Dungeon
 12503 | D:10     | Reached skill level 8 in Fire Magic
 12652 | D:10     | Noticed a red ugly thing
 12692 | D:10     | Learned a level 2 spell: Slow
 12763 | D:10     | HP: 4/91 [spore (20)]
 12765 | D:10     | Slain by a red ugly thing

Illustrated notes

Levels and vault maps discovered:
D:1:      dpeg_arrival_yet_another_circle, layout_rooms, serial_corexii_hall,
          corexii_hall_statues_s, corexii_hall_statues_t,
          shapermc_ecumenical_altar_mp_highgroup
D:2:      layout_basic, serial_shops, shop, kennysheep_cross_room,
          minmay_curled_crystal
D:3:      layout_rooms
D:4:      layout_cave_pools, cheibrodos_sewer_entry_bend, uniq_menkaure
D:5:      layout_gridville, mainiacjoe_overflow_paths, zin_purify,
          minmay_temple_entry_slanted, nrook_mini_backslash, uniq_blork_the_orc
D:6:      layout_cave_pods, kennysheep_mini, serial_column_ruins,
          column_ruins_circle_large, column_ruins_open_small,
          column_ruins_grid_1, column_ruins_columns_corner,
          column_ruins_open_medium, column_ruins_corridor_corner
D:7:      wander_river, layout_loops_cross, lemuel_tele_altar,
          nicolae_overflow_hidden_temple, uniq_pikel
D:8:      layout_layer_cave, lemuel_coloured_pillars_altar, lemuel_doored_altar,
          tso_altar
D:9:      layout_loops_ring, hangedman_tell_no_tales
D:10:     layout_long_grid, mainiacjoe_overflow_brackets,
          due_lair_maze_entry_diamond, uniq_grum
Temple:   oiseaux_autumnal_temple

Skill      XL: |  1  2  3  4  5  6  7  8  9 10 |
---------------+-------------------------------+-----
Stealth        | 3 4 5 |  5.1
Conjurations   | 2 3 4 6 7 |  7.2
Polearms       | 1 2 |  2.4
Fire Magic     | 4 5 6 8 |  8.2
Translocations | 1 2 3 4 |  4.0
Spellcasting   | 3 4 5 6 |  6.5
Hexes          | 1 2 3 4 |  4.6
Invocations    | 2 4 5 |  5.2
Fighting       | 1 2 |  2.3
Maces & Flails | 2 |  2.2
Dodging        | 3 |  3.1
Short Blades   | |  0.2
Axes           | |  0.5
Evocations     | |  0.8

Action                   |  1- 3 |  4- 6 |  7- 9 | 10-12 || total
-------------------------+-------+-------+-------+-------++-------
Melee: Unarmed           |     9 |       |       |       ||     9
       Constrict         |     7 |    15 |    10 |    11 ||    43
       Dagger            |    12 |       |       |       ||    12
       Tentacles         |     2 |     4 |     6 |     8 ||    20
       Spear             |     9 |    44 |    34 |       ||    87
       War axe           |       |       |    14 |       ||    14
       Mace              |       |       |       |    52 ||    52
 Cast: Foxfire           |    60 |    84 |   256 |    93 ||   493
       Inner Flame       |       |     2 |     9 |    12 ||    23
       Conjure Flame     |       |       |     7 |     3 ||    10
       Blink             |       |       |     3 |     4 ||     7
       Flame Wave        |       |       |       |     2 ||     2
       Slow              |       |       |       |     1 ||     1
Evoke: Wand              |       |       |     1 |     4 ||     5
  Use: Scroll            |       |     2 |     2 |     2 ||     6
       Potion            |       |       |       |    10 ||    10
 Stab: Sleeping          |     1 |     4 |     2 |     2 ||     9
       Distracted        |       |       |       |     1 ||     1
Armor: Skin              |     5 |     1 |     1 |    15 ||    22
Dodge: Dodged            |    41 |    21 |    26 |    74 ||   162

Table legend: (Time is in decaauts)
 A = Elapsed time spent in this place.
 B = Non-inter-level travel time spent in this place.
 C = Inter-level travel time spent in this place.
 D = Time resting spent in this place.
 E = Time spent auto-exploring this place.
 F = Levels seen in this place.
 G = Mean time per level.
                   A        B        C        D        E       F      G
               +--------+--------+--------+--------+--------+-----+--------+
         Total |  12792 |  12513 |    279 |   1272 |   8353 |  12 | 1066.0 |
       Dungeon |  12029 |  11776 |    253 |   1272 |   7861 |  10 | 1202.9 |
        Temple |    105 |     79 |     26 |      0 |     50 |   1 |  105.0 |
         Sewer |    657 |    657 |      0 |      0 |    442 |   1 |  657.0 |
               +--------+--------+--------+--------+--------+-----+--------+

Top non-repeatable levels by time:
     D:9: 1924 daAuts
     D:7: 1607 daAuts
     D:6: 1473 daAuts
     D:8: 1444 daAuts
     D:5: 1372 daAuts
     D:1: 1146 daAuts
     D:2: 1032 daAuts
     D:4: 872 daAuts
     D:3: 848 daAuts
   Sewer: 657 daAuts
    D:10: 307 daAuts
  Temple: 105 daAuts
